 Dungeon Crawl Stone Soup version 0.17-a0-1650-gce8475a (webtiles) character file.

10 nubinia the Stinger (level 2, 13/13 HPs)
             Began as a Spriggan Venom Mage on Aug 13, 2015.
             Quit the game on level 1 of the Dungeon.
             The game lasted 00:02:24 (477 turns).

nubinia the Stinger (Spriggan Venom Mage)            Turns: 477, Time: 00:02:24

Health: 13/13      AC:  2    Str:  2    XL:     2   Next: 10%
Magic:  6/6        EV: 18    Int: 16    God:
Gold:   27         SH:  0    Dex: 16    Spells: 2 memorised, 3 levels left

rFire  . . .     SeeInvis +     g - +0 short sword
rCold  . . .     Clarity  .     a - +0 robe
rNeg   . . .     SustAt   .     (shield restricted)
rPois  .         Gourm    .     (helmet restricted)
rElec  .         Spirit   .     (no cloak)
rCorr  .         Warding  .     (gloves unavailable)
rMut   .         Stasis   .     (boots unavailable)
MR     .....                    (no amulet)
Stlth  +++.......               (no ring)
                                (no ring)

@: very quick, not resistant to hostile enchantments, fairly stealthy
A: unfitting armour, see invisible, herbivore 3, speed 3, slow metabolism 2,
weak 1, MP-powered wands
a: no special abilities


You were on level 1 of the Dungeon.
You were not hungry.

You visited 1 branch of the dungeon, and saw 1 of its levels.

You collected 27 gold pieces.

Inventory:

Hand weapons
 g - a +0 short sword (weapon)
Armour
 a - a +0 robe (worn)
Scrolls
 d - a scroll of remove curse
 f - a scroll of recharging {unknown}
 h - a scroll of identify
 i - a scroll of amnesia {unknown}
Books
 b - a Young Poisoner's Handbook

   Spells                             Type                      Level
   a - Sting                          Conjuration/Poison           1
   b - Cure Poison                    Poison                       2
   c - Mephitic Cloud                 Conjuration/Poison/Air       3
   d - Olgreb's Toxic Radiance        Poison                       4
   e - Venom Bolt                     Conjuration/Poison           5
Comestibles
 c - 2 bread rations


   Skills:
 + Level 3.1 Dodging
 + Level 3.1 Stealth
 + Level 2.8 Spellcasting
 + Level 4.3 Poison Magic


You had 3 spell levels left.
You knew the following spells:

 Your Spells              Type           Power        Failure   Level  Hunger
a - Sting                 Conj/Pois      #...         10%         1    #......
b - Cure Poison           Pois           ###.......   6%          2    ##.....


Dungeon Overview and Level Annotations

Branches:
Dungeon (1/15)

Altars:


Innate Abilities, Weirdness & Mutations

You are tiny and cannot use many weapons and most armour.
You have supernaturally acute eyesight.
You are a herbivore.
You cover ground extremely quickly.
You need consume almost no food.
You are weak. (Str -2)
You expend magic power (3 MP) to strengthen your wands.


Message History

The sting hits the rat.
The rat is poisoned.
You kill the rat!
h - a scroll labeled QUCWEUT SOEFU
h - 2 scrolls labeled QUCWEUT SOEFU (gained 1)
i - a scroll labeled XIAGID JERCHEAF Read which item? (? for menu, Esc to quit)
As you read the scroll labeled QUCWEUT SOEFU, it crumbles to dust.
It is a scroll of identify.
Identify which item? (\ to view known items) (? for menu, Esc to quit)
e - a potion of mutation Read which item? (? for menu, Esc to quit)
As you read the scroll labeled VED GUOTEGY, it crumbles to dust.
You feel blessed for a moment.
It was a scroll of remove curse.
You start resting.
Magic restored.
Drink which item? (? for menu, Esc to quit)
You feel extremely strange.
You feel your magical essence link to your wands.
You feel weaker.
Are you sure you want to abandon this character and quit the game? (Confirm with "yes".)

# #.......######..#....
#.#...............#....
#.#.........####+#.....
+....†...........)..##.
#.................#..
#.................#..
#......$......##.##.#
#.#.......########.##..
#.....@....... #.####
####.######### #.# #.#
.# #.# #.# #.# #.


There were no monsters in sight!

Vanquished Creatures
  A giant cockroach (D:1)
  A hobgoblin (D:1)
  A kobold (D:1)
  3 bats (D:1)
  A giant gecko (D:1)
  3 rats (D:1)
10 creatures vanquished.

Notes
Turn   | Place    | Note
--------------------------------------------------------------
     0 | D:1      | nubinia the Spriggan Venom Mage began the quest for the Orb.
     0 | D:1      | Reached XP level 1. HP: 9/9 MP: 5/5
   435 | D:1      | Reached XP level 2. HP: 13/13 MP: 6/6
   439 | D:1      | Learned a level 2 spell: Cure Poison
   476 | D:1      | Gained mutation: You expend magic power (3 MP) to strengthen your wands. [potion of mutation]
   476 | D:1      | Gained mutation: You are weak. (Str -2) [potion of mutation]
   477 | D:1      | Quit the game

Vault maps used:
D:1:      dpeg_cavernosity

Action                   || total
-------------------------++-------
Melee: Short sword       ||     3
 Cast: Sting             ||    16
  Use: Scroll            ||     2
       Potion            ||     1
 Stab: Sleeping          ||     3
